 Dungeon Crawl Stone Soup version 0.31-a0-167-g1c394c0614 (webtiles) character file.

Game seed: 16663767802311911159

888 qw the Shooter (level 8, -16/48 HPs)
             Began as a Gargoyle Hunter on June 14, 2023.
             Was an Initiate of Okawaru.
             Demolished by an ogre
             ... wielding a +0 giant club
              (25 damage)
             ... on level 5 of the Dungeon.
             The game lasted 00:01:48 (4765 turns).

qw the Shooter (Gargoyle Hunter)                    Turns: 4765, Time: 00:01:49

Health: -16/48     AC: 12    Str: 16    XL:     8   Next: 6%
Magic:  8/8        EV: 11    Int:  9    God:    Okawaru [......]
Gold:   301        SH:  0    Dex: 15    Spells: 7/7 levels left

rFire   . . .        Y - +1 shortbow
rCold   . . .        (shield currently unavailable)
rNeg    + . .        b - +0 ring mail
rPois   inf          c - +0 helmet
rElec   +            (no cloak)
rCorr   +            (no gloves)
SInv    .            (no boots)
Will    +....        (no amulet)
Stlth   +            g - ring of willpower
HPRegen 0.28/turn    e - ring of resist corrosion
MPRegen 0.11/turn

%: no passive effects
@: about to teleport
A: sickness immunity, AC +5, negative energy resistance 1, electricity
resistance, torment resistance 1, petrification resistance
a: Renounce Religion


You were on level 5 of the Dungeon.
You worshipped Okawaru.
Okawaru was noncommittal.
You visited 2 branches of the dungeon, and saw 7 of its levels.

You collected 301 gold pieces.


Innate Abilities, Weirdness & Mutations

You are immune to sickness and miasma.
Your stone body is resilient. (AC +5)
You are immune to poison.
You resist negative energy. (rN+)
You are resistant to electric shocks. (rElec)
You are resistant to unholy torment.
You are immune to petrification.


   Skills:
 - Level 4.3 Fighting
 + Level 7.9 Ranged Weapons
 - Level 4.7 Armour
 - Level 1.5 Dodging
 - Level 1.1 Stealth


You had 7 spell levels left.
You didn't know any spells.
Your spell library was empty.

Inventory:

Hand Weapons
 Y - a +1 shortbow (weapon)
Armour
 b - a +0 ring mail (worn)
 c - a +0 helmet (worn)
Jewellery
 e - a ring of resist corrosion (right hand)
 g - a ring of willpower (left hand)
 m - a ring of ice
Scrolls
 k - a scroll of teleportation
Potions
 a - 2 potions of might
 d - a potion of curing
 f - a potion of magic {unknown}
 h - 2 potions of attraction
 i - a potion of heal wounds {unknown}
 j - a potion of cancellation
 l - a potion of mutation {unknown}

Dungeon Overview and Level Annotations

Branches:
Dungeon (6/15)             Temple (1/1) D:5

Altars:
Ashenzari
Cheibriados
Dithmenos
Elyvilon
Hepliaklqana
Kikubaaqudgha
Makhleb
Okawaru
Qazlal
Ru
Trog
Uskayaw
Vehumet
Wu Jian
Xom
Zin
The Shining One

Shops:
D:3 (


Message History

You shoot an arrow. The arrow misses the adder.
The adder barely misses you. The ogre closely misses you.
The adder barely misses you.
You shoot an arrow. The arrow misses the adder.
The adder bites you but does no damage. The ogre hits you with a +0 giant club.
4759 ||| STAIRDANCE The adder barely misses you.
The adder misses you.
You climb upwards.
There is a stone staircase leading down here.
Enter note:
Enter note:
Enter note:
Enter note:
Enter note:
Enter note:
Enter note:
Enter note:
Enter note:
Enter note:
Enter note:
Enter note: You shoot an arrow.
The arrow hits the adder.
The adder is almost dead.
The ogre hits you with a +0 giant club! The adder closely misses you.
You shoot an arrow. The arrow closely misses the adder.
The adder misses you. The ogre hits you with a +0 giant club!
The adder bites you.
You shoot an arrow. The arrow hits the adder.
You kill the adder!
Okawaru accepts your kill. The ogre hits you with a +0 giant club!
4764 ||| READING 2 scrolls of teleportation.
As you read the scroll of teleportation, it crumbles to dust.
You feel strangely unstable.
You shoot an arrow.
The arrow hits the ogre but does no damage.
The ogre is lightly wounded.
The ogre hits you with a +0 giant club!!
Ouch! That really hurt!
You die...

##...######.##.....####.........#
##....# #....<..## ##.......##
####.# #####.### ##.....## #.#
#.# ##...## #.# #.# ##+## #.# #.#
#####.# #.# #.# #....(# #.#
#O#######.###.## #.#
#.@............## #.#
#########.#.....# #.#
#..........## ######.#
##.#######...### )......# ##..#
#...... ######## #..## #...###
###.## #.### #....## #.#####
#...~~# #......


You could see an ogre.

Vanquished Creatures
  Grinder (D:1)
  Duvessa (D:5)
  A black bear (D:3)
  A phantom (D:4)
  A centaur (D:5)
  Dowan (D:5)
  A hound (D:5)
  An iguana (D:4)
  An orc wizard (D:5)
  Terence (D:3)
  Robin (D:3)
  5 adders
  An ufetubus (D:4)
  A worm (D:4)
  5 dart slugs
  11 orcs
  7 bats
  9 endoplasms
  2 giant cockroaches
  11 goblins
  12 hobgoblins
  7 jackals
  2 quokkas
  10 ball pythons
  4 frilled lizards
  6 kobolds
  4 rats
108 creatures vanquished.

Notes
Turn   | Place    | Note
-------+----------+-------------------------------------------
     0 | D:1      | qw the Gargoyle Hunter began the quest for the Orb.
     0 | D:1      | Reached XP level 1. HP: 12/12 MP: 1/1
     0 | D:1      | 0 ||| qw: Version: 0.2-a-29-g1fa15c8
     0 | D:1      | 0 ||| qw: Game counter: 5136
     0 | D:1      | 0 ||| qw: Always use a shield: true
     0 | D:1      | 0 ||| qw: God list: Okawaru
     0 | D:1      | 0 ||| qw: Allow faded altars: false
     0 | D:1      | 0 ||| qw: Do Orc after D:15 true
     0 | D:1      | 0 ||| qw: Do second Lair branch before Depths: true
     0 | D:1      | 0 ||| qw: Lair rune preference: random
     0 | D:1      | 0 ||| qw: Plans: Normal, Zot:1-4, Slime:5, God:TSO, Crypt,
                  | Tomb, Abyss, Pan, Hells, Win
     0 | D:1      | 0 ||| PLANNING D:1-11
   194 | D:1      | Reached XP level 2. HP: 17/17 MP: 2/2
   903 | D:1      | 903 ||| DROPPING ring of wizardry.
   904 | D:1      | 904 ||| UPGRADING to ring of willpower.
   905 | D:1      | 905 ||| READING scroll labelled UNATTI NILY.
   906 | D:1      | 906 ||| READING scroll labelled NINAVE FIUSANI.
   909 | D:1      | 909 ||| READING scroll labelled FULUEG YVAOF.
   910 | D:1      | 910 ||| DROPPING scroll of butterflies.
   991 | D:2      | You fall into a shaft and drop 1 floor!
  1025 | D:2      | Reached XP level 3. HP: 21/21 MP: 3/3
  1032 | D:2      | Reached skill level 5 in Ranged Weapons
  1048 | D:2      | Found a shimmering altar of Xom.
  1374 | D:2      | Reached skill level 3 in Fighting
  1408 | D:2      | Found a faded altar of an unknown god.
  1429 | D:2      | Reached XP level 4. HP: 28/28 MP: 4/4
  1625 | D:2      | 1625 ||| READING scroll labelled GOHOFF MYAWU.
  1626 | D:2      | 1626 ||| DRINKING 2 black potions.
  1627 | D:2      | 1627 ||| DRINKING 2 fizzy sapphire potions.
  1728 | D:3      | Found Keonid's Weapon Emporium.
  1728 | D:3      | Noticed Robin
  1734 | D:3      | Killed Robin
  1737 | D:3      | Noticed Grinder
  1756 | D:3      | HP: 6/28 [Grinder (4)]
  1758 | D:3      | 1758 ||| FLEEEEING.
  1759 | D:3      | 1759 ||| FLEEEEING.
  1761 | D:3      | 1761 ||| FLEEEEING.
  1762 | D:3      | 1762 ||| FLEEEEING.
  1763 | D:3      | 1763 ||| FLEEEEING.
  1775 | D:3      | 1775 ||| FLEEEEING.
  1778 | D:3      | 1778 ||| STAIRDANCE
  1847 | D:2      | 1847 ||| UPGRADING to +0 ring mail.
  1857 | D:2      | 1857 ||| DROPPING +0 leather armour.
  1864 | D:3      | 1864 ||| STAIRDANCE
  1869 | D:2      | 1869 ||| FLEEEEING.
  1870 | D:2      | 1870 ||| FLEEEEING.
  1871 | D:2      | 1871 ||| FLEEEEING.
  1872 | D:2      | 1872 ||| FLEEEEING.
  1873 | D:2      | 1873 ||| FLEEEEING.
  1874 | D:2      | 1874 ||| FLEEEEING.
  1875 | D:2      | 1875 ||| FLEEEEING.
  1876 | D:2      | 1876 ||| STAIRDANCE
  1922 | D:2      | 1922 ||| STAIRDANCE
  1936 | D:1      | Killed Grinder
  1937 | D:1      | Reached XP level 5. HP: 18/32 MP: 5/5
  1937 | D:1      | Reached XP level 6. HP: 21/37 MP: 6/6
  2073 | D:3      | 2073 ||| SHOPLISTING +11 arbalest "Huitaow" {freeze, Will+}
                  | (1059 gold, have 169).
  2128 | D:3      | Noticed Terence
  2143 | D:3      | Killed Terence
  2258 | D:3      | Noticed a black bear
  2269 | D:3      | HP: 8/37 [black bear (2)]
  2270 | D:3      | Killed a black bear
  2271 | D:3      | Reached skill level 6 in Ranged Weapons
  2427 | D:3      | Reached XP level 7. HP: 40/41 MP: 7/7
  2430 | D:3      | 2430 ||| FLEEEEING.
  2974 | D:3      | 2974 ||| UPGRADING to +0 helmet.
  2979 | D:3      | 2979 ||| READING scroll labelled HUZXEE DOLIRR.
  2980 | D:3      | 2980 ||| DRINKING 2 yellow potions.
  2981 | D:3      | 2981 ||| DRINKING 2 orange potions.
  2982 | D:3      | 2982 ||| DRINKING 4 sedimented grey potions.
  2983 | D:3      | 2983 ||| DROPPING 3 potions of brilliance.
  3287 | D:4      | 3287 ||| FLEEEEING.
  3687 | D:4      | 3687 ||| READING scroll labelled XUTOCK VYUB.
  3688 | D:4      | 3688 ||| READING scroll labelled JYECECS QEOKAH.
  3689 | D:4      | 3689 ||| READING scroll labelled WUWKYGADAI.
  3697 | D:5      | Entered Level 5 of the Dungeon
  3743 | D:5      | Noticed Dowan
  3744 | D:5      | Noticed Duvessa
  3752 | D:5      | Killed Duvessa
  3753 | D:5      | Reached skill level 7 in Ranged Weapons
  3761 | D:5      | Killed Dowan
  3914 | D:5      | Found a hide-covered altar of Uskayaw.
  4003 | D:5      | Found a staircase to the Ecumenical Temple.
  4004 | D:5      | 4004 ||| PLANNING TEMPLE
  4004 | D:5      | 4004 ||| UPGRADING to ring of resist corrosion.
  4005 | D:5      | 4005 ||| READING scroll labelled MIPNEEFONA.
  4011 | Temple   | Entered the Ecumenical Temple
  4021 | Temple   | 4021 ||| PLANNING OKAWARU WORSHIP
  4175 | Temple   | Became a worshipper of Warmaster Okawaru
  4176 | Temple   | 4176 ||| PLANNING D:1-11
  4657 | D:5      | Reached XP level 8. HP: 40/48 MP: 8/8
  4759 | D:6      | 4759 ||| STAIRDANCE
  4763 | D:5      | HP: 9/48 [ogre/+0 giant club (14)]
  4764 | D:5      | 4764 ||| READING 2 scrolls of teleportation.
  4765 | D:5      | Demolished by an ogre

Levels and vault maps discovered:
D:1:      amcnicky_arrival_underground_garden, layout_basic, serial_bayou,
          serial_bayou_shore_a, serial_bayou_pond_e, serial_bayou_shore_b,
          serial_bayou_pond_a, minmay_pentomino_o2
D:2:      layout_basic, basic_altar, basic_ecumenical_altar,
          chequers_hall_statues_corner_a, serial_park_tiny_pond
D:3:      layout_loops_corners, serial_shops, nicolae_shop_bloodbath_and_beyond,
          uniq_grinder, uniq_terence, uniq_robin
D:4:      layout_loops_ring
D:5:      layout_loops_corners, eat_drink_and_be_merry_uskayaw,
          minmay_temple_entry_fiery, serial_bayou_crossing, uniq_duvessa
D:6:      layout_cave_pools, serial_shops, nicolae_shop_tiny_statue_garden,
          uniq_menkaure
Temple:   eino_temple_rhombus

Skill      XL: |  1  2  3  4  5  6  7 |
---------------+----------------------+-----
Ranged Weapons | 5 6 7 |  7.9
Fighting       | 3 4 |  4.3
Armour         | 4 |  4.7
Dodging        | |  1.5
Stealth        | |  1.1

Action                     |  1- 3 |  4- 6 |  7- 9 || total
---------------------------+-------+-------+-------++-------
   Fire: Shortbow          |   110 |   121 |   157 ||   388
    Use: Scroll            |     3 |     1 |     6 ||    10
         Potion            |       |     2 |     3 ||     5
 Armour: Leather armour    |    26 |    18 |       ||    44
         Ring mail         |       |    31 |    43 ||    74
  Dodge: Dodged            |    36 |    68 |    40 ||   144

Table legend:
 A = Non-vault XP
 B = Vault XP
 C = Vault XP percentage of total XP
 D = Non-vault monster count
 E = Vault monster count
 F = Vault count percentage of total count
                 A         B        C        D         E       F
            +---------+---------+-------+---------+---------+-------
      Total |     695 |     574 |  45.2 |      92 |      16 |  14.8
            +---------+---------+-------+---------+---------+-------
        D:1 |      26 |     302 |  92.1 |      17 |       2 |  10.5
        D:2 |      61 |       0 |   0.0 |      23 |       0 |   0.0
        D:3 |     193 |      67 |  25.8 |      24 |      12 |  33.3
        D:4 |     191 |       0 |   0.0 |      16 |       0 |   0.0
        D:5 |     224 |     205 |  47.8 |      12 |       2 |  14.3
            +---------+---------+-------+---------+---------+-------
